Map: Winter's Gate LE

Players

Mez - Winner!

  • Race: Terran Terran
  • League: Master
  • Spawn Location: 11:00

ClaytonBixbi

  • Race: Protoss Protoss
  • League: Master
  • Spawn Location: 5:00

VOD

Have the link to the VOD?

Description

Time

  • Played on: Aug. 30, 2019, 8:35 a.m.
  • Length: 16:03
Show
View Real Time Build Order
Export as new Build Order

Mez Terran - Winner!

Build Orders: Reaper Expand 

Get SALT Encoding   

  12  0:00  SCV  
  13  0:12  SCV  
  14  0:17  Supply Depot  
  14  0:24  SCV  
  15  0:38  SCV  
  15  0:40  Barracks  
  16  0:45  Refinery  
  16  0:50  SCV  
  17  1:03  SCV  
  18  1:16  SCV  
  19  1:30  Orbital Command, Reaper  
  20  1:42  Command Center  
  20  1:56  Bunker  
  20  2:00  SCV  
  21  2:02  Marine  
  21  2:06  Supply Depot  
  22  2:12  SCV  
  23  2:26  Barracks Reactor  
  23  2:27  SCV  
  24  2:40  SCV  
  25  2:47  Command Center  
  25  2:51  Factory  
  25  2:53  SCV  
  25  2:55  Orbital Command  
  26  3:05  Marine x2  
  27  3:12  SCV  
  28  3:13  Refinery  
  28  3:21  SCV  
  28  3:24  Marine x2, SCV  
  32  3:33  SCV  
  33  3:36  Widow Mine, SCV  
  33  3:38  Starport  
  36  3:45  SCV, Marine x2  
  36  3:48  SCV  
  39  3:58  Widow Mine  
  39  4:01  Orbital Command  
  39  4:02  SCV x2  
  43  4:03  Marine x2  
  43  4:05  Refinery  
  45  4:14  SCV x2  
  45  4:15  Starport Tech Lab  
  47  4:22  Marine x2  
  49  4:25  Factory Tech Lab  
  49  4:26  SCV x2  
  49  4:28  SCV  
  52  4:34  Raven  
  52  4:36  Barracks  
  55  4:38  SCV x2  
  55  4:40  SCV  
  55  4:43  Siege Tank  
  55  4:45  Barracks  
  60  4:47  Marine  
  60  4:51  Supply Depot  
  61  5:01  Bunker x2  
  61  5:05  Supply Depot  
  61  5:07  Refinery  
  61  5:13  SCV x2, Marine  
  64  5:18  Engineering Bay x2  
  61  5:30  Marine, SCV x2  
  63  5:47  Marauder  
  65  5:51  Stimpack  
  65  5:52  Combat Shield  
  65  5:53  Factory Reactor  
  65  6:02  SCV x3  
  68  6:06  Terran Infantry Armor Level 1, Terran Infantry Weapons Level 1  
  68  6:08  Marine  
  68  6:09  Marauder  
  70  6:11  Starport Reactor  
  70  6:14  Supply Depot  
  70  6:23  SCV x3  
  73  6:31  Widow Mine  
  73  6:32  Widow Mine  
  77  6:33  Orbital Command  
  77  6:36  Marauder, SCV  
  77  6:39  Marauder  
  82  6:47  Marine  
  82  6:48  Marine  
  82  6:52  SCV  
  85  6:59  Supply Depot  
  85  7:03  Supply Depot  
  85  7:04  Medivac x2  
  85  7:05  SCV x3  
  92  7:10  Missile Turret  
  92  7:15  Missile Turret  
  92  7:17  Marauder, Marine, SCV  
  92  7:20  Missile Turret  
  92  7:22  SCV x2  
  98  7:31  Widow Mine  
  98  7:32  Widow Mine  
  98  7:34  SCV  
  98  7:35  SCV x2  
  105  7:40  Bunker  
  105  7:43  Supply Depot  
  105  7:44  Medivac x2  
  105  7:47  SCV x2  
  111  7:53  Supply Depot  
  111  7:55  Supply Depot  
  111  7:58  Marine  
  111  7:59  Marauder x2, Marine  
  111  8:04  SCV  
  101  8:17  Barracks  
  101  8:18  Barracks  
  101  8:20  Ghost Academy  
  101  8:21  Marine x2  
  101  8:22  Marauder x2  
  101  8:23  Medivac  
  109  8:39  Marine  
  106  8:49  Marauder, Marine  
  106  8:50  Marauder  
  102  8:57  Marine  
  102  9:02  SCV x3  
  103  9:07  Barracks Reactor, Marine  
  103  9:08  Barracks Tech Lab, Barracks  
  104  9:10  Barracks  
  104  9:11  Marauder x2  
  104  9:14  SCV  
  104  9:15  Marine  
  101  9:18  Medivac x2  
  91  9:25  Marine  
  91  9:26  Refinery  
  91  9:28  Refinery  
  91  9:29  Widow Mine x2  
  91  9:30  Marauder  
  95  9:32  Starport  
  95  9:34  Marauder x2  
  95  9:36  Enhanced Shockwaves  
  95  9:37  Supply Depot x2, Barracks  
  99  9:42  Armory  
  99  9:48  Medivac  
  101  9:57  Supply Depot  
  101  9:59  Supply Depot  
  101  10:04  Ghost x2  
  101  10:05  Marine x4  
  101  10:06  Ghost  
  111  10:09  Barracks Tech Lab  
  111  10:10  Barracks Tech Lab  
  111  10:19  Starport Tech Lab  
  111  10:26  Marine x2  
  111  10:27  Marine x2  
  116  10:29  Barracks Tech Lab, Ghost x2  
  116  10:33  Marauder x2  
  125  10:35  Marauder  
  125  10:41  Liberator x3  
  123  10:56  Marauder x3, Marine x2  
  123  10:57  Marauder, Marine x2  
  133  10:58  Marauder  
  133  11:01  Widow Mine x2  
  133  11:02  Terran Infantry Weapons Level 2  
  149  11:10  Terran Infantry Armor Level 2  
  149  11:11  Command Center  
  149  11:12  Command Center  
  149  11:24  Liberator, Fusion Core  
  149  11:26  Widow Mine x2, Marauder x3  
  149  11:27  Marauder, Marine x6  
  166  12:03  Marauder x2, Marine  
  166  12:04  Marauder  
  173  12:10  Starport  
  173  12:15  Factory Reactor  
  173  12:16  Bunker  
  173  12:22  Viking x2, Marine  
  180  12:23  Marauder  
  180  12:24  Viking  
  182  12:33  Orbital Command  
  179  12:42  Sensor Tower  
  179  12:43  Sensor Tower  
  179  12:50  Viking x2  
  183  12:51  Planetary Fortress  
  183  12:52  Viking, SCV  
  183  12:53  SCV x2  
  188  13:02  Advanced Ballistics  
  188  13:04  SCV  
  188  13:05  SCV x2  
  192  13:14  Refinery  
  192  13:17  Refinery, SCV x2  
  190  13:23  Ghost x3  
  190  13:26  Viking x2  
  200  13:32  Missile Turret  
  200  13:42  Command Center  
  200  13:46  Command Center  
  200  13:52  Liberator x3  
  179  14:03  Marauder x2, Marine x3  
  179  14:04  Marauder x2  
  179  14:08  Medivac x2  
  187  14:43  Marauder x3, Marine x2  
  187  14:45  Marine x3  
  185  14:51  Viking  
  185  14:52  Viking x2  
  158  15:10  Marauder x2  
  158  15:11  Marauder x4, Marine x4  
  162  15:29  Viking x5, Marine x2  
  162  15:32  Marauder x2  
Show
View Real Time Build Order
Export as new Build Order

ClaytonBixbi Protoss 

Build Orders: Blink Stalkers, Dark Templar Rush 

Get SALT Encoding   

  12  0:00  Probe  
  13  0:13  Probe  
  14  0:19  Pylon  
  14  0:25  Probe  
  15  0:37  Probe  
  15  0:39  Gateway  
  16  0:49  Probe  
  17  0:51  Assimilator  
  17  1:01  Probe  
  18  1:06  Pylon  
  18  1:13  Probe  
  19  1:25  Probe  
  20  1:28  Zealot  
  20  1:30  Cybernetics Core  
  22  1:37  Probe  
  23  1:55  Nexus  
  23  2:00  Stalker  
  23  2:04  Nexus  
  25  2:17  Assimilator  
  25  2:30  Pylon  
  25  2:31  Probe  
  25  2:33  Stalker  
  28  2:43  Probe  
  26  2:51  Warp Gate  
  26  2:55  Probe, Twilight Council  
  27  3:07  Probe  
  27  3:12  Probe  
  30  3:20  Probe x2  
  30  3:23  Gateway  
  30  3:24  Stalker  
  33  3:35  Probe  
  33  3:38  Dark Shrine  
  33  3:39  Probe  
  35  3:44  Blink  
  35  3:45  Pylon  
  35  3:47  Probe  
  36  3:57  Probe  
  36  3:59  Probe  
  38  4:04  Gateway  
  38  4:09  Probe  
  39  4:11  Pylon  
  39  4:13  Probe  
  40  4:21  Probe  
  41  4:25  Probe  
  41  4:26  Assimilator  
  41  4:28  Pylon, Assimilator  
  42  4:33  Probe  
  43  4:40  Stalker  
  43  4:42  Probe  
  46  4:46  Pylon  
  46  4:48  Probe  
  46  4:52  Dark Templar  
  49  4:53  Probe  
  49  4:57  Probe  
  50  5:00  Dark Templar  
  50  5:01  Probe  
  50  5:06  Probe  
  54  5:08  Gateway  
  54  5:12  Gateway  
  55  5:16  Probe, Stalker  
  58  5:22  Charge  
  58  5:23  Probe  
  57  5:28  Probe  
  57  5:34  Zealot x2  
  57  5:35  Probe  
  63  5:40  Probe  
  64  5:43  Templar Archives  
  64  5:51  Gateway  
  64  5:53  Pylon  
  64  5:55  Pylon  
  64  5:58  Stalker  
  64  5:59  Zealot  
  68  6:09  Psionic Storm  
  68  6:13  Zealot, Probe  
  71  6:21  High Templar x2  
  75  6:28  Nexus  
  75  6:33  Pylon  
  75  6:34  Probe  
  75  6:35  Zealot x2  
  80  6:40  Probe  
  80  6:45  Pylon  
  80  6:46  High Templar, Probe  
  80  6:47  High Templar  
  86  6:51  Assimilator  
  86  6:52  Probe  
  87  6:58  Probe  
  88  7:03  Robotics Facility  
  88  7:07  Forge  
  88  7:10  Forge, Zealot  
  88  7:11  Probe  
  88  7:13  Assimilator  
  91  7:16  Zealot  
  91  7:19  Probe  
  91  7:20  Zealot  
  96  7:23  Probe  
  97  7:30  Zealot x2  
  97  7:31  Probe  
  97  7:32  Protoss Ground Armor Level 1  
  97  7:36  Zealot, Probe  
  105  7:43  Probe  
  106  7:45  Probe  
  106  7:49  Probe  
  108  7:51  Photon Cannon  
  108  7:52  Shield Battery  
  106  7:58  Zealot x2  
  106  7:59  Zealot  
  96  8:14  Zealot x3  
  96  8:19  Gateway  
  102  8:21  Gateway  
  102  8:22  Warp Prism  
  104  8:39  Probe  
  104  8:40  Zealot x6  
  103  9:03  Zealot x3  
  103  9:04  Zealot x3  
  108  9:22  Probe  
  108  9:23  Probe x2  
  107  9:34  Photon Cannon, High Templar  
  107  9:37  Photon Cannon, Robotics Bay  
  107  9:38  Pylon  
  109  9:39  Robotics Facility  
  109  9:40  Photon Cannon  
  109  9:43  Shield Battery  
  109  9:49  Observer  
  109  9:50  High Templar x3, Nexus  
  116  9:57  Probe x2  
  116  9:58  Photon Cannon  
  118  10:03  Dark Templar x3  
  118  10:06  Protoss Ground Weapons Level 1  
  124  10:13  Probe  
  125  10:16  Pylon  
  125  10:17  Extended Thermal Lance  
  125  10:18  Pylon  
  125  10:23  Forge  
  125  10:25  Colossus x2  
  125  10:27  Pylon  
  137  10:28  Pylon  
  137  10:32  Pylon  
  137  10:45  Probe  
  138  10:51  Shield Battery  
  138  10:53  Probe  
  138  10:54  Dark Templar  
  138  10:56  Photon Cannon  
  139  10:58  Photon Cannon  
  139  10:59  Photon Cannon  
  139  11:00  Shield Battery  
  139  11:05  Zealot x4  
  139  11:11  Protoss Ground Armor Level 2  
  147  11:17  Stargate x2  
  147  11:23  Assimilator  
  147  11:31  Colossus  
  153  11:38  Colossus  
  149  12:04  Probe  
  150  12:10  Fleet Beacon, Cybernetics Core  
  150  12:11  Stalker x4  
  150  12:12  Stalker x2  
  162  12:23  Protoss Ground Weapons Level 2  
  162  12:25  Probe  
  162  12:26  Void Ray  
  162  12:28  Stalker x2  
  165  12:41  Photon Cannon  
  165  12:43  Shield Battery  
  165  12:56  Tempest  
  170  13:01  Stargate  
  168  13:07  Stalker x2  
  168  13:08  Protoss Air Weapons Level 1, Protoss Air Armor Level 1  
  171  13:15  Probe  
  171  13:19  Pylon  
  172  13:21  Zealot x5  
  182  13:27  Probe  
  182  13:32  Probe x3, Assimilator  
  186  13:44  Mothership, Pylon  
  188  13:57  Pylon  
  138  14:08  Zealot x6  
  126  14:18  High Templar x2  
  130  14:25  Tempest  
  130  14:26  Probe, Tempest  
  132  14:38  Archon  
  132  14:44  Zealot x6  
  102  15:00  High Templar x2  
  102  15:07  Zealot x5  
  102  15:13  Tempest  
  111  15:17  Stalker  
  105  15:28  Zealot x2  
  105  15:29  Zealot x2  
  101  15:36  Zealot x2  
  101  15:40  Dark Templar  
  99  15:45  Zealot  
  99  15:46  Probe  
  96  15:54  Zealot x2  
  96  15:55  Zealot  
Tags
 
Add a new tag
Caveats
  • Supply blocks, unpowered buildings, or Contaminate may cause inaccurate times.
  • Supply counts are checked every 10 seconds.